 Dungeon Crawl Stone Soup version 0.30-a0-534-gdc55766716 (webtiles) character file.

Game seed: 5335586606199926635

280 avis the Chiller (level 5, -7/41 HPs)
             Began as a Demigod Ice Elementalist on Dec 24, 2022.
             Mangled by an ogre
             ... wielding a +0 giant club
              (19 damage)
             ... on level 5 of the Dungeon.
             The game lasted 00:16:36 (3412 turns).

avis the Chiller (Demigod Ice Elementalist)         Turns: 3412, Time: 00:16:37

Health: -7/41      AC:  8    Str: 14    XL:     5   Next: 76%
Magic:  5/11       EV: 12    Int: 17    God:
Gold:   45         SH:  0    Dex: 18    Spells: 2/9 levels left

rFire   . . .      SeeInvis .    a - +10 long sword "Xelul" {flame, +Blink Str+5}
rCold   . . .      Faith    .    (no shield)
rNeg    . . .      Spirit   .    h - +0 robe
rPois   .          Reflect  .    (no helmet)
rElec   .          Harm     .    (no cloak)
rCorr   .          Rampage  .    (no gloves)
Will    .....                    (no boots)
Stlth   ++                       (no amulet)
HPRegen 0.26/turn                (no ring)
MPRegen 0.12/turn                (no ring)

@: ice-armoured, freezing walls
A: high MP 1, forlorn, divine attributes
a: Evoke Blink


You were on level 5 of the Dungeon.
You visited 1 branch of the dungeon, and saw 5 of its levels.

You collected 232 gold pieces.
You spent 187 gold pieces at shops.

Inventory:

Hand Weapons
 a - the +10 long sword "Xelul" (weapon) {flame, +Blink Str+5}
   (You bought it in a shop on level 3 of the Dungeon)

   It burns those it strikes, dealing additional fire damage.
   Big, fiery blades are also staple armaments of hydra-hunters.
   Str:       It affects your strength (+5).
   +Blink:    It lets you blink.
 b - a +0 sling
 q - a +0 dagger
 s - a +1 whip of draining
 z - a +0 demon whip of electrocution
Missiles
 v - 2 poisoned darts
Armour
 h - a +0 robe (worn)
Jewellery
 w - a ring of protection from cold
Wands
 A - a wand of mindburst (12)
Scrolls
 c - 3 scrolls of identify {unknown}
 d - 2 scrolls of noise {unknown}
 e - 2 scrolls of torment {unknown}
 f - 3 scrolls of vulnerability {unknown}
 g - 2 scrolls of poison {unknown}
 i - a scroll of fear {unknown}
 j - a scroll of fog {unknown}
 l - 3 scrolls of amnesia {unknown}
 o - a scroll of brand weapon {unknown}
 r - a scroll of enchant armour {unknown}
 x - 3 scrolls of teleportation {unknown}
 y - a scroll of blinking {unknown}
 B - a scroll of enchant weapon {unknown}
 D - a scroll of acquirement {unknown}
Potions
 k - a potion of brilliance {unknown}
 m - a potion of magic
 n - 3 potions of curing {unknown}
 p - 2 potions of degeneration {unknown}
 t - a potion of resistance {unknown}
 u - a potion of flight {unknown}
 C - a potion of attraction {unknown}


   Skills:
 - Level 2.0 Fighting
 - Level 2.0 Long Blades
 * Level 3.3 Ranged Weapons
 - Level 2.0 Dodging
 - Level 1.7 Stealth
 - Level 2.5 Spellcasting
 - Level 4.0 Ice Magic


You had 2 spell levels left.
You knew the following spells:

 Your Spells              Type           Power      Damage    Failure   Level
a - Freeze                Ice            60%        1d7       3%          1
o - Ozocubu's Armour      Ice            15%        N/A       11%         3
r - Frozen Ramparts       Ice            30%        1d5       11%         3

Your spell library contained the following spells:

 Spells                   Type           Power      Damage    Failure   Level
 Ensorcelled Hibernation  Hex/Ice        16%        N/A       12%         2
 Magic Dart               Conj           8%         1d3       19%         1
 Call Imp                 Summ           2%         N/A       28%         2
 Mephitic Cloud           Conj/Pois/Air  2%         N/A       50%         3
 Spider Form              Tmut/Pois      2%         N/A       50%         3
 Summon Ice Beast         Ice/Summ       8%         N/A       63%         4
 Anguish                  Hex/Necr       1%         N/A       88%         4
 Ozocubu's Refrigeration  Ice            7%         4d9       100%        7


Dungeon Overview and Level Annotations

Branches:
Dungeon (5/15)
 Temple: D:4-7

Shops:
D:3 *[*   D:4 *


Innate Abilities, Weirdness & Mutations

You have an increased reservoir of magic. (+10% MP)
You shall have no god before yourself.
Your divine heritage dramatically boosts your attributes as you level up.


Message History

A stone staircase leading down.
The walls around you are covered in ice.
You feel sick.
The wall freezes the adder.
The adder barely misses you.
You feel stronger.
The +10 long sword "Xelul" {flame, +Blink Str+5} bursts into flame!
a - the +10 long sword "Xelul" (weapon)
{flame, +Blink Str+5} The wall freezes the adder.
The adder closely misses you.
You slash the adder! You burn the adder.
You kill the adder!
You feel sick.
You are no longer poisoned.
You start resting.
The frozen ramparts melt away.
You start resting.
HP restored.
You start resting.
Magic restored.
You climb downwards.
The ogre misses you. The black bear misses you.
The black bear claws you. x2; The black bear bites you.
The black bear barely misses you. The black bear closely misses you.
There is a stone staircase leading up here.
Casting: Frozen Ramparts (dangerous; 11% risk of failure)
Confirm with . or Enter, or press ? or * to list all spells.
A film of ice covers your body!
The ogre hits you with a +0 giant club!!
* * * LOW HITPOINT WARNING * * *
The black bear barely misses you.
The black bear claws you but does no damage. x2
Casting: Ozocubu's Armour (dangerous; 11% risk of failure)
Confirm with . or Enter, or press ? or * to list all spells.
Casting: Frozen Ramparts (dangerous; 11% risk of failure)
Press: ? - help, Dir - look around, f - activate A stone staircase leading up, spattered with blood.
The walls around you are covered in ice.
The wall freezes the black bear.
The black bear barely misses you. The black bear closely misses you.
The black bear claws you but does no damage.
The wall freezes the ogre.
The ogre hits you with a +0 giant club!!
You die...

#.# ..# ##. ..
....####. #
........# . #.
###...<#
...#.#...##.....#
......O.# #..O...#
.......@# ###....#
.......h..# ...##
..................
........####.......
#..#...## ...... ..
.... . ..... ......


You could see a black bear and an ogre.

Vanquished Creatures
  An ogre (D:4)
  A scorpion (D:4)
  An iguana (D:4)
  5 adders
  5 dart slugs
  An orc (D:4)
  6 endoplasms
  6 giant cockroaches
  4 hobgoblins
  3 quokkas
  8 ball pythons
  4 bats
  3 frilled lizards (D:3)
  6 goblins
  3 kobolds
  6 rats
63 creatures vanquished.

Notes
Turn   | Place    | Note
-------+----------+-------------------------------------------
     0 | D:1      | avis the Demigod Ice Elementalist began the quest for the
                  | Orb.
     0 | D:1      | Reached XP level 1. HP: 14/14 MP: 5/5
   275 | D:1      | Reached skill level 4 in Ice Magic
   441 | D:1      | Reached XP level 2. HP: 20/20 MP: 5/7
  1002 | D:2      | Reached XP level 3. HP: 27/27 MP: 6/9
  1066 | D:2      | Reached skill level 1 in Fighting
  1220 | D:2      | Reached skill level 1 in Ranged Weapons
  1516 | D:3      | Learned a level 3 spell: Frozen Ramparts
  1520 | D:3      | Learned a level 3 spell: Ozocubu's Armour
  1711 | D:3      | Reached XP level 4. HP: 33/35 MP: 6/10
  1791 | D:3      | Found Toucua's Armour Shop.
  1880 | D:3      | Found Qomiowas's Assorted Antiques.
  2123 | D:3      | Found Iposearch's Assorted Antiques.
  2250 | D:3      | Bought a scorched long sword for 187 gold pieces
  2250 | D:3      | Identified the +10 long sword "Xelul" {flame, +Blink Str+5}
                  | (You bought it in a shop on level 3 of the Dungeon)
  2446 | D:4      | Noticed an ogre
  2456 | D:4      | Killed an ogre
  2457 | D:4      | Reached skill level 1 in Long Blades
  2457 | D:4      | Reached XP level 5. HP: 33/41 MP: 7/11
  2764 | D:4      | Found Qamozoumm's Assorted Antiques.
  3356 | D:5      | Entered Level 5 of the Dungeon
  3356 | D:5      | Noticed an ogre
  3360 | D:5      | Noticed a black bear
  3412 | D:5      | Mangled by an ogre

Illustrated notes

Levels and vault maps discovered:
D:1:      lightli_arrival_lavapool, layout_basic
D:2:      layout_loops_ring, shapermc_ecumenical_altar_venn, basic_altar,
          minmay_pentomino_s2
D:3:      layout_loops_cross, serial_shops,
          nicolae_shop_temple_entry_statues_fountains, nicolae_shop_waterfront,
          nicolae_shop_waterfront, minmay_circle_x
D:4:      layout_loops_ring, serial_shops, nicolae_square_shop
D:5:      layout_cave_pools

Skill      XL: |  1  2  3  4  5 |
---------------+----------------+-----
Ice Magic      | 4 |  4.0
Spellcasting   | 2 |  2.5
Fighting       | 1 2 |  2.0
Ranged Weapons | 2 3 |  3.3
Dodging        | 2 |  2.0
Long Blades    | 1 2 |  2.0
Stealth        | |  1.7

Action                   |  1- 3 |  4- 6 || total
-------------------------+-------+-------++-------
Melee: Long sword        |       |     8 ||     8
 Fire: Sling             |    53 |    46 ||    99
 Cast: Freeze            |    29 |     1 ||    30
       Frozen Ramparts   |     1 |     5 ||     6
       Ozocubu's Armour  |       |     1 ||     1
Armor: Robe              |     4 |     6 ||    10
Dodge: Dodged            |    14 |    19 ||    33

Table legend: (Time is in decaauts)
 A = Elapsed time spent in this place.
 B = Non-inter-level travel time spent in this place.
 C = Inter-level travel time spent in this place.
 D = Time resting spent in this place.
 E = Time spent auto-exploring this place.
 F = Levels seen in this place.
 G = Mean time per level.
                   A        B        C        D        E       F      G
               +--------+--------+--------+--------+--------+-----+--------+
         Total |   3439 |   3185 |    254 |    543 |   2080 |   5 |  687.8 |
       Dungeon |   3439 |   3185 |    254 |    543 |   2080 |   5 |  687.8 |
               +--------+--------+--------+--------+--------+-----+--------+

Top non-repeatable levels by time:
     D:4: 1054 daAuts
     D:3: 923 daAuts
     D:1: 729 daAuts
     D:2: 721 daAuts
     D:5: 10 daAuts
